 Dungeon Crawl Stone Soup version 0.31-a0-232-gb1c03b2570 (webtiles) character file.

Game seed: 16390547176056040686

31436 Decritt the Nimble (level 13, -4/71 HPs)
             Began as a Spriggan Hunter on July 7, 2023.
             Was a High Priest of Dithmenos.
             Slain by a skyshark (27 damage)
             ... on level 4 of the Lair of Beasts.
             The game lasted 00:56:38 (17943 turns).

Decritt the Nimble (Spriggan Hunter)               Turns: 17943, Time: 00:56:39

Health: -4/71      AC:  6    Str: 13    XL:     13   Next: 26%
Magic:  19/19      EV: 29    Int: 11    God:    Dithmenos [*****.]
Gold:   817        SH:  5    Dex: 23    Spells: 12/12 levels left

rFire   . . .        a - +1 shortbow
rCold   . . .        (shield currently unavailable)
rNeg    . . .        p - +0 troll leather armour
rPois   +            n - +2 hat
rElec   .            (no cloak)
rCorr   .            (gloves unavailable)
SInv    +            (boots unavailable)
Will    ++...        H - amulet of reflection
Stlth   ++++++++     x - ring of poison resistance
HPRegen 1.11/turn    B - +6 ring of strength
MPRegen 0.16/turn

%: reflection
@: wreathed by umbra, very quick
A: very small, no large weapons, unfitting armour, see invisible, speed 3
a: Renounce Religion, Shadow Step, Shadow Form


You were on level 4 of the Lair of Beasts.
You worshipped Dithmenos.
Dithmenos was extremely pleased with you.
You visited 3 branches of the dungeon, and saw 16 of its levels.

You collected 1009 gold pieces.
You spent 192 gold pieces at shops.

Inventory:

Hand Weapons
 a - a +1 shortbow (weapon)
 b - the +8 whip "Snakebite" {venom, curare, rPois}
   (You took it off Amaemon on level 2 of the Lair of Beasts)

   rPois:     It protects you from poison.
Armour
 c - the +0 robe of Yfidwa {rPois Str-5 Archmagi}
   (You took it off an orc on level 8 of the Dungeon)

   Str:       It affects your strength (-5).
   rPois:     It protects you from poison.
   Archmagi:  It increases the power of your magical spells.
 e - a +2 robe of willpower
 n - a +2 hat (worn)
 p - a +0 troll leather armour (worn)
Jewellery
 f - a ring of ice
 u - a ring of positive energy
 x - a ring of poison resistance (left hand)
 y - an amulet of the acrobat
 B - a +6 ring of strength (right hand)
 H - an amulet of reflection (around neck)
Wands
 j - a wand of flame (25)
 l - a wand of iceblast (1)
 r - a wand of paralysis (10)
 s - a wand of mindburst (51)
 w - a wand of polymorph (11)
 D - a wand of digging (14)
 E - a wand of acid (3)
Scrolls
 k - 2 scrolls of blinking
 m - a scroll of summoning
 q - a scroll of fear {unknown}
 v - a scroll of teleportation
 F - 2 scrolls of poison
 I - a scroll of butterflies
 J - a scroll of fog
Potions
 d - 2 potions of ambrosia
 g - 3 potions of mutation
 h - a potion of haste
 i - a potion of resistance
 o - a potion of curing
 t - 2 potions of enlightenment
 z - 7 potions of heal wounds
 A - 3 potions of lignification
 C - 2 potions of invisibility {unknown}
 G - 3 potions of might {unknown}


   Skills:
 * Level 9.7 Fighting
 * Level 12.0 Ranged Weapons
 - Level 3.0 Armour
 + Level 13.3 Dodging
 + Level 12.3 Stealth
 + Level 6.6 Invocations
 + Level 9.1 Evocations


You had 12 spell levels left.
You didn't know any spells.
Your spell library contained the following spells:

 Spells                   Type           Power      Damage    Failure   Level
 Sandblast                Erth           0%         2d4       41%         1
 Shock                    Conj/Air       0%         1d3       41%         1
 Ensorcelled Hibernation  Hex/Ice        0%         N/A       56%         2
 Passwall                 Tmut/Erth      0%         N/A       56%         2
 Portal Projectile        Hex/Tloc       0%         N/A       80%         3
 Spider Form              Tmut/Pois      0%         N/A       80%         3
 Stone Arrow              Conj/Erth      0%         3d7       80%         3
 Swiftness                Air            0%         N/A       80%         3
 Tukima's Dance           Hex            0%         N/A       80%         3
 Airstrike                Air            0%         2d(0-16)  99%         4
 Anguish                  Hex/Necr       0%         N/A       99%         4
 Animate Dead             Necr           0%         N/A       99%         4
 Leda's Liquefaction      Hex/Erth       0%         N/A       99%         4
 Petrify                  Tmut/Erth      0%         N/A       99%         4
 Blade Hands              Tmut           0%         N/A       100%        5
 Lee's Rapid Deconstruct  Erth           0%         3d4*      100%        5
 Metabolic Englaciation   Hex/Ice        0%         N/A       100%        5
 Leda's Unmaking          Conj/Erth      0%         9d1       100%        6
 Simulacrum               Ice/Necr       0%         N/A       100%        6
 Statue Form              Tmut/Erth      0%         N/A       100%        6
 Haunt                    Necr/Summ      0%         N/A       100%        7
 Ozocubu's Refrigeration  Ice            0%         4d7       100%        7
 Infestation              Necr           0%         N/A       100%        8
 Polar Vortex             Ice            0%         N/A       100%        9


Dungeon Overview and Level Annotations

Branches:
Dungeon (11/15)            Temple (1/1) D:6            Lair (4/5) D:9
  Swamp (0/4) Lair:3        Snake (0/4) Lair:2          Orc (0/2) D:9
  Slime: Lair:4-5

Altars:
Ashenzari
Cheibriados
Dithmenos
Gozag
Makhleb
Nemelex Xobeh
Qazlal
Ru
Sif Muna
Uskayaw
Wu Jian
Xom
Yredelemnul
The Shining One

Shops:
D:4 (!(   D:9 (

Annotations:
D:3 1 runed translucent door, Tinttamiau's ghost, amateur DgFE
Lair:3 2 transporters
Lair:4 1 runed translucent door


Innate Abilities, Weirdness & Mutations

You are very small and have problems with some larger weapons.
You are too small for most types of armour.
You have supernaturally acute eyesight. (SInv)
You cover ground extremely quickly. (Speed+++)


Message History

You shoot an arrow. The arrow hits the skyshark.
The skyshark is heavily wounded.
You shoot an arrow. The arrow hits the skyshark!
The skyshark is heavily wounded.
Your shadow shoots an arrow.
The arrow hits the skyshark but does no damage.
The skyshark completely misses you. The skyshark tail-slaps you!
The skyshark completely misses you.
The skyshark hisses menacingly.
You shoot an arrow.
The arrow hits the skyshark but does no damage.
The skyshark is heavily wounded.
Your shadow shoots an arrow.
The arrow closely misses the skyshark.
The skyshark no longer looks unusually strong.
The skyshark bites you!
The skyshark tastes blood and grows stronger!
You block the skyshark's attack. The skyshark misses you.
You shoot an arrow. The arrow hits the skyshark.
The skyshark is severely wounded.
The skyshark bites you!!
* * * LOW HITPOINT WARNING * * *
The skyshark enters a blood-rage!
The skyshark tail-slaps you but does no damage.
The skyshark completely misses you. The skyshark attacks as you move away!
The skyshark bites you!
* * * LOW HITPOINT WARNING * * *
The skyshark completely misses you. x2
The skyshark attacks as you move away! The skyshark barely misses you.
The skyshark completely misses you. x2
The skyshark barely misses you. The skyshark closely misses you.
The skyshark completely misses you. The skyshark attacks as you move away!
You block the skyshark's attack. The skyshark barely misses you.
The skyshark misses you.
The skyshark completely misses you. x2; The skyshark tail-slaps you.
* * * LOW HITPOINT WARNING * * *
The skyshark completely misses you. The skyshark closely misses you.
The skyshark barely misses you. The skyshark completely misses you. x3
The skyshark attacks as you move away! The skyshark bites you!!
You die...

#.... ............## ....
#.P..........#### #..#
#..........##... #..###
#................ #....
##.................
#...####P..................
##....#.##......................#
#..............l@................
#................................
#..#.###........................
...### ##.....................#
#...# ##..##.##.............###
##.## #P..#####.............P..
#...# #...# #................
#..## #...# ##....#.P###......
#..# #(..# #P...##### ###..##


You could see a skyshark (berserk).

Vanquished Creatures
  Gastronok (Lair:1)
  5 hydras
  Erica (Lair:1)
  A boulder beetle (Lair:2)
  A two-headed ogre (D:8)
  Amaemon (Lair:2)
  A deep troll (D:10)
  8 elephants
  An orange demon (Lair:2)
  2 black mambas
  Joseph (Lair:1)
  7 cane toads
  7 komodo dragons
  A polar bear (Lair:4)
  Prince Ribbit (D:9)
  2 hornets (D:8)
  18 blink frogs
  4 shadows
  Sigmund (D:2)
  4 wyverns
  30 yaks
  2 steam dragons
  2 basilisks
  Edmund (D:4)
  4 swamp worms
  3 nagas (Lair:2)
  2 acid dragons
  8 water moccasins
  2 ice beasts
  4 orc warriors
  A black bear (D:9)
  4 wolves (Lair:4)
  2 centaurs
  2 phantoms
  3 kobold brigands
  11 bullfrogs
  A gnoll sergeant (D:9)
  6 necrophages
  2 scorpions
  10 wights
  5 killer bees (D:7)
  A howler monkey (D:8)
  3 electric eels (Lair:1)
  5 hounds
  3 orc priests
  2 jellies
  Terence (D:3)
  9 orc wizards
  3 iguanas
  A mummy (D:7)
  6 adders
  4 gnolls
  An ufetubus (D:7)
  A worm (D:4)
  4 dart slugs
  46 orcs
  7 bats
  7 endoplasms
  5 giant cockroaches
  11 goblins
  10 hobgoblins
  8 jackals
  18 kobolds
  2 quokkas
  7 ball pythons
  4 frilled lizards (D:1)
  5 rats
347 creatures vanquished.

Notes
Turn   | Place    | Note
-------+----------+-------------------------------------------
     0 | D:1      | Decritt the Spriggan Hunter began the quest for the Orb.
     0 | D:1      | Reached XP level 1. HP: 10/10 MP: 2/2
    68 | D:1      | Reached XP level 2. HP: 15/15 MP: 3/3
   282 | D:1      | Reached skill level 3 in Dodging
   363 | D:1      | Reached XP level 3. HP: 18/18 MP: 4/4
   504 | D:1      | Found a faded altar of an unknown god.
  1002 | D:2      | Noticed Sigmund
  1080 | D:2      | Killed Sigmund
  1081 | D:2      | Reached skill level 5 in Ranged Weapons
  1081 | D:2      | Reached XP level 4. HP: 8/24 MP: 5/5
  1081 | D:2      | Reached XP level 5. HP: 9/28 MP: 6/6
  1210 | D:2      | Reached skill level 4 in Dodging
  1527 | D:3      | Found a runed translucent door.
  1527 | D:3      | Noticed Tinttamiau's ghost (amateur DgFE)
  1601 | D:3      | Found a basalt altar of Yredelemnul.
  1603 | D:3      | Noticed a profane servitor
  1623 | D:3      | Found a glowing golden altar of the Shining One.
  1623 | D:3      | Noticed Terence
  1654 | D:3      | Killed Terence
  1655 | D:3      | Reached XP level 6. HP: 22/32 MP: 7/7
  2492 | D:3      | Noticed an angel
  2857 | D:4      | Found Ehutwiawo's Distillery.
  2860 | D:4      | Found Tygu's Weapon Boutique.
  2864 | D:4      | Found Rosiffu's Antique Weapon Shoppe.
  2949 | D:4      | Reached XP level 7. HP: 37/37 MP: 8/8
  2990 | D:4      | Bought a potion of mutation for 96 gold pieces
  2990 | D:4      | Bought a potion of curing for 36 gold pieces
  2990 | D:4      | Bought a potion of heal wounds for 60 gold pieces
  3080 | D:4      | Identified the +2 whip of the Ageless Hosts {protect, rN+
                  | Str+3 Dex+4}
  3128 | D:4      | Found a sparkling altar of Nemelex Xobeh.
  3216 | D:5      | Entered Level 5 of the Dungeon
  3324 | D:5      | Noticed Edmund
  3418 | D:4      | Killed Edmund
  3419 | D:4      | Reached skill level 5 in Dodging
  3419 | D:4      | Reached skill level 5 in Stealth
  3476 | D:5      | Found a stormy altar of Qazlal.
  4286 | D:6      | Reached skill level 1 in Evocations
  4286 | D:6      | Reached XP level 8. HP: 34/42 MP: 9/9
  4444 | D:6      | Reached skill level 5 in Fighting
  4458 | D:6      | Found a staircase to the Ecumenical Temple.
  4505 | Temple   | Entered the Ecumenical Temple
  4509 | Temple   | Became a worshipper of Dithmenos the Shadowed
  5285 | D:7      | Reached skill level 6 in Dodging
  5341 | D:7      | Found an opulent altar of Gozag.
  5523 | D:7      | Reached skill level 1 in Invocations
  5791 | D:7      | Found a snail-covered altar of Cheibriados.
  5871 | D:7      | Reached * piety under Dithmenos
  5872 | D:7      | Reached XP level 9. HP: 40/48 MP: 11/11
  6884 | D:8      | Noticed a two-headed ogre
  6957 | D:8      | Killed a two-headed ogre
  6958 | D:8      | Reached skill level 7 in Dodging
  7183 | D:8      | Reached skill level 8 in Dodging
  7310 | D:8      | Reached XP level 10. HP: 23/53 MP: 13/13
  7787 | D:8      | Reached skill level 5 in Evocations
  8061 | D:8      | Identified the +0 robe of Yfidwa {rPois Str-5 Archmagi}
  8700 | D:9      | Reached ** piety under Dithmenos
  9478 | D:9      | Found a shimmering blue altar of Sif Muna.
  9576 | D:9      | Reached skill level 9 in Dodging
  9993 | D:9      | Found a staircase to the Lair.
 10005 | D:9      | Found Keyhateg's Weapon Shop.
 10007 | D:9      | Found a staircase to the Orcish Mines.
 10325 | D:9      | Found a burning altar of Makhleb.
 10362 | D:10     | Entered Level 10 of the Dungeon
 10609 | D:10     | Found a broken altar of Ashenzari.
 10622 | D:10     | Found a hide-covered altar of Uskayaw.
 10623 | D:10     | Found a shimmering altar of Xom.
 10691 | D:10     | Noticed a deep troll
 10773 | D:10     | Killed a deep troll
 11421 | D:10     | Found an ornate altar of the Wu Jian Council.
 11741 | D:11     | Noticed a catoblepas
 11741 | D:11     | Noticed a fire dragon
 11741 | D:11     | Noticed an orc knight
 11741 | D:11     | Noticed a manticore
 11741 | D:11     | Noticed a manticore
 11741 | D:11     | Noticed a manticore
 11827 | Lair:1   | Entered Level 1 of the Lair of Beasts
 11854 | D:9      | Reached *** piety under Dithmenos
 11855 | D:9      | Reached XP level 11. HP: 58/58 MP: 15/15
 11859 | D:9      | Reached skill level 10 in Dodging
 11988 | D:9      | Reached skill level 1 in Armour
 12075 | Lair:1   | Reached skill level 10 in Stealth
 12117 | Lair:1   | Found a hide-covered altar of Uskayaw.
 12127 | Lair:1   | Noticed Gastronok
 12205 | Lair:1   | Noticed Prince Ribbit
 12318 | D:9      | Killed Prince Ribbit
 12500 | Lair:1   | Noticed Erica
 12527 | Lair:1   | Killed Erica
 12528 | Lair:1   | Reached skill level 10 in Ranged Weapons
 12830 | Lair:1   | Killed Gastronok
 12885 | Lair:1   | Noticed Joseph
 12895 | Lair:1   | Killed Joseph
 13041 | Lair:1   | Reached skill level 11 in Dodging
 13096 | Lair:1   | Reached skill level 5 in Invocations
 13440 | Lair:2   | Found a staircase to the Snake Pit.
 13766 | Lair:2   | Reached XP level 12. HP: 65/65 MP: 16/16
 13870 | Lair:2   | Reached **** piety under Dithmenos
 13878 | Lair:2   | Noticed a seven-headed hydra
 13935 | Lair:1   | Killed a seven-headed hydra
 14580 | Lair:2   | Reached skill level 12 in Dodging
 14650 | Lair:2   | Noticed a boulder beetle
 14742 | Lair:2   | Killed a boulder beetle
 14779 | Lair:2   | Noticed Amaemon
 14865 | Lair:2   | Killed Amaemon
 15165 | Lair:3   | Noticed a seven-headed hydra
 15387 | Lair:2   | Killed a seven-headed hydra
 15681 | Lair:3   | Found a transporter.
 15926 | Lair:3   | Noticed an eight-headed hydra
 15974 | Lair:3   | Killed an eight-headed hydra
 16382 | Lair:3   | Found a staircase to the Swamp.
 16568 | Lair:3   | Reached skill level 13 in Dodging
 16612 | Lair:3   | Reached XP level 13. HP: 70/70 MP: 18/18
 16930 | Lair:3   | Found a transporter.
 17550 | Lair:4   | Reached ***** piety under Dithmenos
 17733 | Lair:4   | Found a runed translucent door.
 17943 | Lair:4   | Slain by a skyshark

Illustrated notes

Levels and vault maps discovered:
D:1:      noname_arrival_rooms_in_the_neighbourhood, layout_basic,
          ebering_ecumenical_altar_box
D:2:      layout_rooms, uniq_sigmund
D:3:      layout_rooms, grunt_temple_overflow_holy_war, gammafunk_ghost_grave,
          uniq_terence
D:4:      layout_cave_pools, nemelex_dance_club_becter,
          nicolae_wooded_promenade, kennysheep_generic_room_14
D:5:      layout_cave_pools, nicolae_qazlal_general_emergency,
          hangedman_decor_clover_reticule, nicolae_houndstooth_variations,
          uniq_edmund
D:6:      layout_loops_corners, minmay_temple_entry_wispy, serial_rivers,
          chequers_serial_rivers_large_b, chequers_serial_rivers_micro_b,
          chequers_serial_rivers_micro_b, chequers_serial_rivers_micro_d,
          nicolae_nh_ransacked_shop
D:7:      layout_loops_ring, slow_altar_1, nicolae_gozag_seed_capital,
          serial_rivers, chequers_serial_rivers_micro_c,
          chequers_serial_rivers_room_a, chequers_serial_rivers_micro_a,
          chequers_serial_rivers_micro_b, minmay_misc_feat_four_crosses
D:8:      layout_layer_cave
D:9:      hellmonk_crumbling_castle, layout_irregular_city,
          general_overflow_altar, mainiacjoe_overflow_alcove_4,
          dpeg_oklobed_lair, orc_david_3, amcnicky_mini_corridor_feature
D:10:     dreamdust_cave_troll, layout_basic, nicolae_ashenzari_skybound,
          chequers_temple_overflow_statue_of_worship,
          mainiacjoe_overflow_tiny_flanked, serial_glass, glass_columns_a,
          glass_columns_c
D:11:     minmay_ambush_box, layout_basic, roderic_serpentine_path
Temple:   compressed_dpeg_circular_temple
Lair:1:   layout_gridlike, basic_altar, nicolae_quartered_pool_super,
          lemuel_fruit_tree, uniq_joseph, uniq_erica, uniq_gastronok,
          uniq_prince_ribbit2
Lair:2:   layout_cellular_growth, guppyfry_snake_entry_garden,
          roderic_carrion_pond, serial_bayou_shore_b, serial_bayou_shore_b,
          uniq_amaemon
Lair:3:   gammafunk_cloud_chamber, layout_layer_cave, palyth_hydra_swamp_entry
Lair:4:   layout_small_grid, ebering_ghost_reflecting_pool,
          serial_bayou_shore_a, serial_bayou_shore_b

Skill      XL: |  1  2  3  4  5  6  7  8  9 10 11 12 13 |
---------------+----------------------------------------+-----
Stealth        | 2 3 4 5 7 8 9 10 12 | 12.3
Fighting       | 2 3 4 5 6 7 8 9 |  9.7
Dodging        | 3 4 5 6 8 9 11 13 | 13.3
Ranged Weapons | 5 6 7 8 9 10 11 12 | 12.0
Evocations     | 1 3 4 6 7 8 9 |  9.1
Invocations    | 1 3 4 5 6 |  6.6
Armour         | 2 3 |  3.0

Action                     |  1- 3 |  4- 6 |  7- 9 | 10-12 | 13-15 || total
---------------------------+-------+-------+-------+-------+-------++-------
  Melee: Whip              |       |       |       |     5 |       ||     5
   Fire: Shortbow          |   104 |   153 |   545 |  1470 |   288 ||  2560
         Sling             |       |       |       |   149 |       ||   149
 Invoke: Shadow Step       |       |       |       |     1 |       ||     1
  Evoke: Wand              |       |       |       |    44 |       ||    44
    Use: Scroll            |       |       |    14 |     5 |       ||    19
         Potion            |       |       |     1 |     3 |       ||     4
 Armour: Robe              |     2 |     3 |    12 |     3 |       ||    20
         Troll leather arm |       |       |       |    35 |    17 ||    52
  Dodge: Dodged            |    25 |    44 |   284 |   888 |   307 ||  1548
  Block: Other             |       |       |       |    70 |    50 ||   120

Table legend: (Time is in decaauts)
 A = Elapsed time spent in this place.
 B = Non-inter-level travel time spent in this place.
 C = Inter-level travel time spent in this place.
 D = Time resting spent in this place.
 E = Time spent auto-exploring this place.
 F = Levels seen in this place.
 G = Mean time per level.
                   A        B        C        D        E       F      G
               +--------+--------+--------+--------+--------+-----+--------+
         Total |  13046 |  12611 |    435 |   1406 |   6394 |  16 |  815.4 |
       Dungeon |   8848 |   8536 |    312 |   1099 |   4879 |  11 |  804.4 |
        Temple |      6 |      4 |      2 |      0 |      0 |   1 |    6.0 |
          Lair |   4192 |   4072 |    120 |    307 |   1514 |   4 | 1048.0 |
               +--------+--------+--------+--------+--------+-----+--------+

Top non-repeatable levels by time:
     D:8: 1753 daAuts
  Lair:3: 1371 daAuts
     D:9: 1264 daAuts
  Lair:1: 1238 daAuts
  Lair:2: 1172 daAuts
     D:7: 1157 daAuts
    D:10: 974 daAuts
     D:6: 910 daAuts
     D:3: 817 daAuts
     D:1: 595 daAuts
     D:4: 559 daAuts
     D:2: 445 daAuts
  Lair:4: 409 daAuts
     D:5: 366 daAuts
  Temple: 6 daAuts
